Map: Newkirk Precinct TE (Void)

Players

INnoVation

  • Race: Terran Terran
  • League: Grandmaster
  • Spawn Location: 7:00

Classic - Winner!

  • Race: Protoss Protoss
  • Spawn Location: 5:00

VOD

Have the link to the VOD?

Description

Time

  • Played on: Dec. 2, 2016, 9:30 a.m.
  • Length: 14:15
Show
View Real Time Build Order
Export as new Build Order

INnoVation Terran 

Build Orders: Reaper Expand, MMM Bio 

Get SALT Encoding   

  12  0:00  SCV  
  13  0:12  SCV  
  14  0:17  Supply Depot  
  14  0:24  SCV  
  15  0:29  Refinery  
  15  0:39  SCV  
  16  0:45  Barracks  
  16  0:51  SCV  
  17  1:03  SCV  
  18  1:15  SCV  
  19  1:31  Orbital Command  
  19  1:32  Reaper  
  20  1:43  Command Center  
  20  1:54  Factory  
  20  1:58  SCV  
  21  2:04  Refinery  
  21  2:06  Barracks Reactor  
  21  2:10  SCV  
  21  2:15  Supply Depot  
  22  2:22  SCV  
  23  2:37  SCV  
  24  2:39  Starport  
  24  2:41  Widow Mine  
  24  2:42  Marine x2  
  28  2:49  SCV  
  29  2:55  Orbital Command  
  29  3:00  Marine x2  
  29  3:02  SCV  
  32  3:09  Widow Mine  
  34  3:15  Medivac  
  34  3:16  SCV  
  34  3:19  Marine x2  
  39  3:23  SCV  
  40  3:28  SCV  
  40  3:32  Supply Depot  
  40  3:36  SCV  
  40  3:37  Marine x2  
  40  3:39  Factory Tech Lab  
  40  3:40  SCV  
  44  3:45  Barracks  
  44  3:50  SCV  
  44  3:53  SCV  
  44  3:55  Supply Depot  
  46  3:56  Marine x2  
  46  4:01  Siege Tank  
  51  4:05  SCV  
  51  4:06  SCV  
  53  4:13  Barracks  
  53  4:15  Marine  
  53  4:16  Marine  
  55  4:18  SCV x2  
  55  4:22  Supply Depot  
  53  4:31  SCV  
  53  4:33  Bunker, Siege Tank  
  53  4:34  SCV  
  53  4:38  Marine x2  
  59  4:39  Barracks Tech Lab  
  60  4:46  Engineering Bay  
  60  4:47  Starport Reactor  
  60  4:48  SCV x2  
  62  4:56  Marine x2  
  62  4:58  Supply Depot  
  64  5:00  SCV x2  
  64  5:06  Stimpack  
  66  5:07  Siege Tank  
  66  5:11  Barracks Tech Lab  
  66  5:13  Marine  
  70  5:17  Refinery  
  70  5:19  Marine  
  70  5:20  Marauder  
  73  5:22  Supply Depot, Refinery  
  73  5:23  SCV x2  
  73  5:26  Terran Infantry Weapons Level 1  
  75  5:32  Marine  
  75  5:35  Combat Shields  
  76  5:37  SCV x2  
  76  5:41  Missile Turret  
  78  5:43  Marine  
  78  5:45  Marauder x2  
  83  5:50  SCV x2  
  83  5:53  Supply Depot  
  83  5:57  Factory Reactor  
  85  5:59  Missile Turret  
  85  6:03  Marine  
  86  6:10  Supply Depot  
  86  6:15  SCV x2, Marauder, Medivac x2  
  94  6:20  Marine  
  94  6:25  Supply Depot  
  94  6:26  Supply Depot  
  94  6:29  Liberator  
  94  6:30  Liberator  
  94  6:31  Marine  
  94  6:32  Supply Depot, Marauder  
  97  6:34  Widow Mine x2  
  97  6:38  Marine  
  102  6:46  Supply Depot  
  107  6:47  Marauder  
  110  6:54  Marauder  
  110  6:56  Marine x2  
  110  6:57  SCV x2  
  114  7:03  Widow Mine x2  
  120  7:08  Marauder  
  120  7:10  SCV x2  
  120  7:12  Supply Depot, Liberator  
  120  7:13  Liberator  
  119  7:21  Marine x2  
  119  7:22  Marauder  
  126  7:30  Marauder  
  126  7:33  Widow Mine x2  
  132  7:41  Supply Depot, Marine x2  
  126  7:54  Marauder x2  
  122  7:58  Marine  
  122  7:59  Marine  
  116  8:13  Medivac  
  116  8:27  Marauder, Marine x2  
  116  8:28  Marauder  
  118  8:38  SCV  
  118  8:39  SCV  
  120  8:48  Marine  
  119  8:49  Marauder x2  
  119  8:51  SCV  
  119  8:53  SCV  
  124  9:06  SCV x2  
  124  9:07  Terran Infantry Armor Level 1  
  126  9:15  Marine, Medivac  
  126  9:16  Marine  
  130  9:18  SCV x2  
  130  9:23  Marauder x2  
  121  9:30  SCV  
  100  9:35  Marine x2  
  100  9:39  Medivac  
  100  9:45  Marauder x2  
  106  9:52  Widow Mine, Marine  
  106  9:53  Widow Mine  
  106  9:56  Liberator  
  106  9:58  Medivac  
  113  10:01  Marine  
  113  10:06  Marauder x2  
  117  10:09  SCV x2, Barracks  
  117  10:10  Barracks, Marine  
  123  10:17  Liberator  
  123  10:22  Marine  
  123  10:25  Widow Mine  
  123  10:27  Widow Mine, Marauder  
  123  10:28  Marauder, Marine  
  136  10:39  Supply Depot  
  136  10:45  Marine  
  136  10:49  Marauder x2  
  110  11:13  Marauder x2  
  110  11:16  Marine  
  115  11:20  Widow Mine x2  
  115  11:21  SCV x2  
  93  11:35  Marauder  
  93  11:38  Liberator  
  90  11:41  Marauder, Liberator, Marine x3  
  96  12:11  Marauder, Marine  
  99  12:21  Marauder, Marine  
  102  12:26  Marine x2  
  102  12:29  Marine  
  105  12:30  Missile Turret  
  61  12:48  Medivac x2  
  63  12:58  Widow Mine x2  
  61  13:01  Marauder, Marine  
  61  13:03  Marine  
  69  13:19  Marauder, Marine  
  72  13:30  Marauder  
  74  13:42  Marine  
  74  13:43  Marine x2  
Show
View Real Time Build Order
Export as new Build Order

Classic Protoss - Winner!

Build Orders: 1 Gate Expand, Blink Stalkers 

Get SALT Encoding   

  12  0:00  Probe (Chrono Boost)  
  13  0:11  Probe (Chrono Boost)  
  14  0:18  Pylon  
  14  0:22  Probe (Chrono Boost)  
  15  0:36  Probe (Chrono Boost)  
  15  0:37  Gateway  
  16  0:43  Assimilator  
  16  0:47  Probe (Chrono Boost)  
  17  0:57  Probe (Chrono Boost)  
  18  1:08  Probe (Chrono Boost)  
  19  1:20  Nexus  
  19  1:29  Cybernetics Core  
  19  1:33  Probe (Chrono Boost)  
  19  1:38  Assimilator  
  20  1:43  Probe (Chrono Boost)  
  21  1:49  Pylon  
  22  1:54  Probe (Chrono Boost)  
  22  2:07  Adept  
  22  2:08  Mothership Core (Chrono Boost)  
  26  2:10  Warp Gate (Chrono Boost)  
  26  2:26  Probe (Chrono Boost)  
  27  2:32  Probe (Chrono Boost)  
  28  2:37  Robotics Facility  
  28  2:38  Probe (Chrono Boost)  
  28  2:39  Adept  
  31  2:45  Probe (Chrono Boost)  
  31  2:48  Probe (Chrono Boost)  
  33  2:56  Probe (Chrono Boost)  
  34  2:59  Probe (Chrono Boost)  
  34  3:02  Twilight Council  
  35  3:06  Probe (Chrono Boost)  
  35  3:09  Probe (Chrono Boost)  
  37  3:16  Probe (Chrono Boost)  
  38  3:20  Probe (Chrono Boost)  
  38  3:24  Observer (Chrono Boost)  
  40  3:28  Probe  
  40  3:31  Probe  
  41  3:34  Gateway  
  41  3:37  Gateway  
  41  3:39  Blink (Chrono Boost)  
  41  3:41  Probe  
  41  3:44  Probe  
  41  3:46  Pylon  
  41  3:47  Observer  
  43  3:53  Probe  
  45  3:56  Probe  
  45  3:59  Assimilator  
  46  4:03  Pylon  
  46  4:06  Probe  
  46  4:07  Observer  
  46  4:08  Probe  
  48  4:12  Stalker  
  51  4:19  Probe  
  51  4:20  Probe  
  51  4:23  Warp Prism  
  53  4:33  Probe  
  53  4:37  Pylon  
  54  4:38  Stalker x2  
  54  4:45  Probe  
  59  4:46  Probe  
  59  4:48  Stalker  
  62  4:53  Pylon  
  62  5:04  Nexus  
  62  5:06  Probe x2 (Chrono Boost)  
  64  5:18  Probe x2 (Chrono Boost)  
  66  5:22  Stalker, Sentry x2  
  72  5:29  Probe x2 (Chrono Boost)  
  72  5:33  Pylon  
  74  5:36  Gateway  
  74  5:39  Gateway  
  74  5:44  Gateway  
  74  5:48  Probe x2 (Chrono Boost)  
  74  5:49  Pylon  
  76  5:50  Resonating Glaives (Chrono Boost)  
  76  5:51  Immortal  
  80  6:03  Adept x2  
  84  6:12  Stalker  
  84  6:16  Probe  
  84  6:17  Probe x2  
  89  6:20  Pylon  
  89  6:25  Immortal  
  89  6:30  Pylon  
  93  6:37  Stalker x3  
  99  6:42  Stalker x2  
  99  6:43  Adept  
  105  6:53  Pylon  
  105  6:55  Pylon  
  105  7:06  Adept x6  
  117  7:13  Pylon  
  117  7:18  Immortal  
  119  7:32  Adept x5  
  127  7:40  Pylon x2  
  127  7:45  Adept  
  127  7:53  Adept x5  
  137  7:59  Pylon x2  
  137  8:06  Stalker  
  139  8:14  Stalker  
  139  8:17  Pylon x2  
  139  8:19  Pylon  
  141  8:20  Pylon  
  135  8:38  Stalker x5  
  135  8:39  Stalker  
  145  9:00  Pylon  
  141  9:04  Adept x5  
  151  9:10  Adept  
  139  9:36  Immortal  
  139  9:45  Nexus  
  143  9:50  Dark Shrine  
  143  9:53  Adept x4  
  143  9:56  Adept  
  143  9:57  Adept  
  147  10:05  Pylon  
  147  10:15  Adept x4  
  147  10:17  Assimilator, Probe x2  
  157  10:24  Stalker x2  
  161  10:39  Adept  
  161  10:40  Adept x3  
  159  11:01  Adept x6  
  156  11:21  Dark Templar x4  
  156  11:22  Adept  
  157  11:29  Dark Templar x2  
  147  11:40  Pylon  
  147  11:49  Dark Templar x2  
  147  11:50  Nexus, Dark Templar  
  153  12:00  Pylon  
  153  12:01  Pylon  
  147  12:26  Dark Templar x2  
  147  12:28  Stalker x3  
  143  12:46  Probe  
  143  12:47  Probe  
  140  13:14  Stalker x4  
  140  13:19  Gateway  
  148  13:21  Gateway  
  148  13:29  Pylon  
  144  13:39  Dark Templar  
  144  13:40  Dark Templar x3  
  152  13:45  Archon x2  
Tags
 
Add a new tag
Caveats
  • Supply blocks, unpowered buildings, or Contaminate may cause inaccurate times.
  • Supply counts are checked every 10 seconds.